 Dungeon Crawl Stone Soup version 0.27.1-1-g398f81649c (webtiles) character file.

Game seed: 14858970420558190472

518 speeev33 the Chopper (level 7, -3/61 HPs)
             Began as a Hill Orc Fighter on Sept 6, 2021.
             Slain by a shadow imp (5 damage)
             ... summoned by Natasha
             ... on level 4 of the Dungeon.
             The game lasted 00:08:36 (3559 turns).

speeev33 the Chopper (Hill Orc Fighter)             Turns: 3559, Time: 00:08:36

Health: -3/61      AC:  0    Str: 21    XL:     7   Next: 21%
Magic:  7/7        EV: 17    Int:  8    God:
Gold:   84         SH:  0    Dex: 15    Spells: 6/6 levels left

rFire    . . .     SeeInvis .   (weapon currently unavailable)
rCold    . . .     Faith    .   (shield currently unavailable)
rNeg     . . .     Spirit   .   (armour currently unavailable)
rPois    .         Reflect  .   (helmet currently unavailable)
rElec    .         Harm     .   (cloak currently unavailable)
rCorr    .         Rampage  .   (gloves currently unavailable)
Will     .....                  (boots currently unavailable)
Stlth    +.........             (no amulet)
HPRegen  0.20/turn              (ring currently unavailable)
MPRegen  0.10/turn              (ring currently unavailable)

@: bat-form, flying, very quick
A: fast, flying, no casting, tiny
a: no special abilities


You were on level 4 of the Dungeon.
You were a bat.
You visited 1 branch of the dungeon, and saw 4 of its levels.

You collected 84 gold pieces.

Inventory:

Hand Weapons
 f - a +0 broad axe of flaming (melded)
 h - a +0 flail
Armour
 b - a +0 scale mail (melded)
 c - a +0 kite shield (melded)
 g - a +0 plate armour
Jewellery
 j - a ring of flight (melded)
Potions
 a - a potion of berserk rage {unknown}
 d - a potion of heal wounds {unknown}
 e - a potion of brilliance
 i - 3 potions of curing
 k - a potion of lignification {unknown}


   Skills:
 + Level 5.3 Fighting
 * Level 6.6 Axes
 + Level 4.8 Armour
 + Level 4.9 Shields


You had 6 spell levels left.
You didn't know any spells.
Your spell library contained the following spells:

 Spells                   Type           Power      Damage    Failure   Level
 Summon Small Mammal      Summ           0%         N/A       41%         1
 Call Canine Familiar     Summ           0%         N/A       78%         3
 Summon Guardian Golem    Hex/Summ       0%         N/A       78%         3


Dungeon Overview and Level Annotations

Branches:
Dungeon (4/15)
 Temple: D:4-7

Altars:

Shops:
D:3 [

Annotations:
D:4 3 runed translucent doors rpois, AttackTheMoon's ghost, novice GnWz; Natasha


Message History

Natasha completely misses you. The gnoll misses you.
You hit Natasha.
Natasha is moderately wounded.
Natasha stares at you and mumbles some strange words.
The magic dart hits you!
You hit Natasha.
Natasha is heavily wounded.
The gnoll barely misses you. Natasha completely misses you.
You hit Natasha but do no damage.
Natasha is heavily wounded.
The gnoll hits you from afar with a +0 spear.
You barely miss Natasha.
Natasha is heavily wounded.
Natasha completely misses you.
The gnoll hits you from afar with a +0 spear.
You barely miss Natasha.
Natasha is heavily wounded.
Natasha zaps a wand.
You resist with some effort. The gnoll misses you.
You hit Natasha.
Natasha is almost dead.
Natasha casts a spell at you. The magic dart hits you.
The gnoll hits you from afar with a +0 spear.
You hit Natasha but do no damage.
Natasha is almost dead.
Natasha casts a spell.
The gnoll hits you from afar with a +0 spear!
* * * LOW HITPOINT WARNING * * *
You hit the shadow imp but do no damage.
The crimson imp disappears in a puff of smoke!
Natasha stares at you and mumbles some strange words.
The magic dart hits you!
* * * LOW HITPOINT WARNING * * *
The gnoll hits you from afar with a +0 spear.
* * * LOW HITPOINT WARNING * * *
You aren't carrying any scrolls.
You hit the shadow imp.
The shadow imp is lightly wounded.
The shadow imp hits you.
You die...

######.##.########...#
.##..#............#
.>..##########...#
##.. #...### #..###
#....)# #...## #...#)#
#....#### #####.#
##5#....# ####)##
#b####.#####...... #h#
#............


gw# ######....... 5§g# #..>.... ..... #....... ...... ##...... ....... #......
......... #######... #....W#... You could see Natasha, 2 gnolls, a crimson imp
(summoned), a shadow imp (summoned) and a dart slug.

Vanquished Creatures
  Sigmund (D:2)
  A necrophage (D:3)
  A centaur (D:4)
  An orc priest (D:4)
  A bullfrog skeleton (D:3)
  Natasha (D:4)
  3 gnolls
  An adder (D:3)
  A white imp (D:3)
  2 dart slugs
  12 orcs
  7 ball pythons
  3 bats
  4 endoplasms
  7 goblins
  7 hobgoblins
  4 jackals (D:3)
  2 quokkas (D:1)
  4 frilled lizards
  7 kobolds
  4 rats
74 creatures vanquished.

Notes
Turn   | Place    | Note
-------+----------+-------------------------------------------
     0 | D:1      | speeev33 the Hill Orc Fighter began the quest for the Orb.
     0 | D:1      | Reached XP level 1. HP: 19/19 MP: 1/1
   408 | D:1      | Reached skill level 3 in Axes
   476 | D:1      | Reached XP level 2. HP: 27/27 MP: 2/2
   782 | D:1      | Found a faded altar of an unknown god.
  1248 | D:1      | Reached XP level 3. HP: 15/33 MP: 3/3
  1629 | D:2      | Noticed Sigmund
  1646 | D:2      | Killed Sigmund
  1647 | D:2      | Reached skill level 5 in Axes
  1647 | D:2      | Reached XP level 4. HP: 12/41 MP: 4/4
  1647 | D:2      | Reached XP level 5. HP: 14/47 MP: 5/5
  2682 | D:3      | Noticed a necrophage
  2996 | D:3      | Reached XP level 6. HP: 52/55 MP: 6/6
  3063 | D:3      | Killed a necrophage
  3064 | D:3      | Reached skill level 5 in Fighting
  3136 | D:3      | Reached skill level 6 in Axes
  3139 | D:3      | Found Piunaijoti's Antique Armour Boutique.
  3403 | D:4      | Reached XP level 7. HP: 50/61 MP: 7/7
  3472 | D:4      | Found a runed translucent gate.
  3473 | D:4      | Found a runed translucent gate.
  3474 | D:4      | Found a runed translucent gate.
  3478 | D:4      | Noticed AttackTheMoon's ghost (novice GnWz)
  3517 | D:4      | Noticed Natasha
  3523 | D:4      | Killed Natasha
  3529 | D:4      | Noticed Natasha
  3558 | D:4      | HP: 2/61 [gnoll (2)]
  3559 | D:4      | Slain by a shadow imp

Illustrated notes

Levels and vault maps discovered:
D:1:      ncdulo_halloftheorcs, layout_basic,
          shapermc_ecumenical_altar_starsandcircs
D:2:      layout_basic, uniq_sigmund
D:3:      layout_basic, serial_shops, shop
D:4:      layout_rooms, ebering_ghost_rock_garden, minmay_joined_circles,
          uniq_natasha, uniq_crazy_yiuf_cottage, uniq_ijyb

Skill      XL: |  1  2  3  4  5  6 |
---------------+-------------------+-----
Axes           | 3 5 6 |  6.6
Fighting       | 4 5 |  5.3
Armour         | 4 |  4.8
Shields        | 4 |  4.9

Action                   |  1- 3 |  4- 6 |  7- 9 || total
-------------------------+-------+-------+-------++-------
Melee: War axe           |    57 |    37 |       ||    94
       Broad axe         |       |    65 |     2 ||    67
       Unarmed           |       |       |    30 ||    30
  Use: Scroll            |     3 |     3 |       ||     6
       Potion            |     1 |       |       ||     1
Armor: Scale mail        |    19 |    50 |       ||    69
       Skin              |       |       |     7 ||     7
Dodge: Dodged            |    14 |    43 |    25 ||    82
Block: Kite shield       |    24 |    71 |     1 ||    96
